 Dungeon Crawl Stone Soup version 0.31-a0-978-g1e143483b6 (webtiles) character file.

Game seed: 5632794096276693574

111 ytrimaz the Sneak (level 4, -1/28 HPs)
             Began as an Octopode Shapeshifter on Oct 30, 2023.
             Killed by divine providence
             ... invoked by an orc priest
              (12 damage)
             ... on level 3 of the Dungeon.
             The game lasted 00:02:34 (2375 turns).

ytrimaz the Sneak (Octopode Shapeshifter)           Turns: 2375, Time: 00:02:35

Health: -1/28      AC:  1    Str: 10 (13) XL:     4   Next: 92%
Magic:  4/4        EV: 13    Int: 10 (12) God:
Gold:   190        SH:  0    Dex: 11 (13) Spells: 3/3 levels left

rFire   . .          .
                       - Unarmed
rCold   . . .        (no shield)
rNeg    . . .        (helmet currently unavailable)
rPois   .            (no amulet)
rElec   .            (no ring)
rCorr   .            (no ring)
SInv    .            (no ring)
Will    .....        (no ring)
Stlth   ++++         (no ring)
HPRegen 0.24/turn    (no ring)
MPRegen 0.09/turn    (no ring)
                     (no ring)

%: no passive effects
@: beast-form
A: beast (slay +1), almost no armour, amphibious, 8 rings, camouflage 1,
gelatinous body 1, (nimble swimmer 1), tentacles
a: Begin Untransformation


You were on level 3 of the Dungeon.
You were a hulking beast.
You visited 1 branch of the dungeon, and saw 3 of its levels.

You collected 190 gold pieces.


Innate Abilities, Weirdness & Mutations

You are a hulking beast.
Your limbs bulge with bestial killing power. (Slay +1)
You cannot wear most types of armour.
You are amphibious.
You can wear up to eight rings at the same time.
Your skin changes colour to match your surroundings (Stealth+).
Your rubbery body absorbs attacks. (AC +1, EV +1)
((You are camouflaged when in or above water. (Stealth+)))
You have tentacles for arms and can constrict up to eight enemies at once.


   Skills:
 - Level 1.0 Fighting
 - Level 2.0 Dodging
 * Level 6.3 Stealth
 - Level 3.0 Unarmed Combat
 - Level 3.0 Shapeshifting


You had 3 spell levels left.
You didn't know any spells.
Your spell library contained the following spells:

 Spells                   Type           Power      Damage    Failure   Level
 Apportation              Tloc           0%         N/A       36%         1
 Necrotise                Necr           0%         1d4       36%         1
 Summon Small Mammal      Summ           0%         N/A       36%         1

Inventory:

Talismans
 b - a beast talisman
 c - a flux talisman
Scrolls
 d - 4 scrolls of vulnerability {unknown}
 e - 7 scrolls of identify {unknown}
 f - 2 scrolls of fear {unknown}
 i - 2 scrolls of teleportation {unknown}

Dungeon Overview and Level Annotations

Branches:
Dungeon (3/15) Zot: 15631

Altars:

Shops:
D:2

(
##........................
..........................
..........................
.........................
#>..../.....##..........
#............#..........
#......#...#.#..........
#.....##..##............
....#..o{h....##..........
..$#..ol#.###.###.........
........#... ..###........
......##..........####.>...
...<.. ######..#.. ......
....## #... .... ### ...


You could see an iguana, an orc priest and an orc.


Message History

The goblin barely misses you.
You tentacle-slap the goblin.
You kill the goblin!
No target in view!
Things that are here:
a +0 dagger; a goblin corpse No target in view! 😕 HP[+1] Unknown command.
Things that are here:
a +0 dagger; a goblin corpse Key pressed, stopping explore.
You see here a beast talisman.
A kobold and a ball python come into view. 😎 HP[+2]
Your hp is fully restored (28).
There are monsters nearby!
There are monsters nearby!
There are monsters nearby!
The kobold shouts!
The ball python hisses angrily.
The kobold throws a stone.
The stone hits you. 😕 HP[-2]
You take 2 damage, and now have 26/28 hp.
The kobold throws a stone.
The stone barely misses you.
A quokka comes into view. 😕 HP[+1]
You tentacle-slap the ball python. You grab the ball python.
You constrict the ball python. The ball python bites you.
The ball python misses you. 😕 HP[-3]
You take 3 damage, and now have 24/28 hp.
You bludgeon the ball python!
You kill the ball python!
You tentacle-slap the kobold. You grab the kobold. You constrict the kobold.
You kill the kobold! 😕 HP[+1]
You tentacle-slap the quokka. You grab the quokka. You squeeze the quokka.
You constrict the quokka.
You kill the quokka!
No target in view!
You see here a quokka corpse.
No target in view!
You see here a +0 ring mail.
A bat comes into view. 😎 HP[+3]
Your hp is fully restored (28).
A bat is nearby!
A bat is nearby!
You see here 9 gold pieces.
Found a stone staircase leading down.
The helpless bat fails to defend itself.
You tentacle-slap the bat.
You kill the bat!
No target in view!
You now have 173 gold pieces (gained 9).
You now have 190 gold pieces (gained 17).
Key pressed, stopping explore.
An iguana comes into view.
Found a stone staircase leading down.
An iguana is nearby!
An iguana is nearby!
An orc priest comes into view. It is wielding a +0 club.
Found 18 gold pieces.
Found a stone staircase leading up.
An orc wizard comes into view. It is wielding a +0 dagger.
The iguana hisses angrily.
The orc priest shouts!
An orc comes into view. It is wielding a +0 flail.
An orc wizard comes into view. It is wielding a +0 dagger.
The iguana bites you! 😮 HP[-10]
You take 10 damage, and now have 18/28 hp.
MASSIVE DAMAGE!! (PAUSE) It was a potion of heal wounds.
You feel much better. The orc priest hits you with a +0 club.
The iguana bites you!
* * * LOW HITPOINT WARNING * * *
The orc shouts! 😨 HP[-5]
You take 5 damage, and now have 13/28 hp.
The orc priest completely misses you.
The orc wizard attacks as it pursues you!
The orc wizard hits you with a +0 dagger.
* * * LOW HITPOINT WARNING * * *
The orc wizard gestures wildly while chanting.
The orc wizard flickers and vanishes!
Deactivating autopickup; reactivate with Ctrl-A. 😨 HP[-3]
You take 3 damage, and now have 10/28 hp.
The orc priest attacks as it pursues you!
The orc priest completely misses you. 😨 HP[+1] Unknown command.
It was a potion of degeneration.
There was something very wrong with that liquid.
You feel weakened.
You feel dopey.
You feel clumsy. The orc wizard barely misses you.
It was a potion of cancellation.
You feel magically purged.
The orc wizard mumbles some strange words.
The orc wizard flickers and vanishes!
The orc priest mumbles some strange prayers to Beogh against you.
Beogh smites you!
You die...

Skill      XL: |  1  2  3  4 |
---------------+-------------+-----
Stealth        | 2 3 5 6 |  6.3
Fighting       | |  1.0
Dodging        | |  2.0
Unarmed Combat | |  3.0
Shapeshifting  | |  3.0

Action                     |  1- 3 |  4- 6 || total
---------------------------+-------+-------++-------
  Melee: Unarmed           |    81 |    49 ||   130
         Constrict         |    14 |    12 ||    26
         Tentacles         |    13 |     7 ||    20
         Punch             |       |     1 ||     1
    Use: Potion            |       |     4 ||     4
   Stab: Sleeping          |    21 |     4 ||    25
 Armour: Skin              |    17 |    27 ||    44
  Dodge: Dodged            |    34 |    36 ||    70

Levels and vault maps discovered:
D:1:      saegor_arrival_simple_e, layout_loops_corners
D:2:      layout_basic, serial_shops, nicolae_shop_tiny_statue_garden,
          minmay_misc_feat_tiny, minmay_quantized
D:3:      layout_rooms, minmay_crystal_water, corexii_leaking_fountain,
          minmay_tree_intersection

Notes
Turn   | Place    | Note
-------+----------+-------------------------------------------
     0 | D:1      | ytrimaz the Octopode Shapeshifter began the quest for the
                  | Orb.
     0 | D:1      | Reached XP level 1. HP: 13/13 MP: 1/1
     0 | D:1      | magus.rc [v1.9.6]
   199 | D:1      | Reached skill level 1 in Stealth
   233 | D:1      | Reached skill level 2 in Stealth
   241 | D:1      | Reached XP level 2. HP: 18/18 MP: 2/2
   361 | D:1      | Reached skill level 3 in Stealth
   465 | D:1      | HP: 3/18 [hobgoblin (4)]
   552 | D:1      | Reached XP level 3. HP: 23/23 MP: 3/3
   721 | D:1      | Reached skill level 4 in Stealth
   852 | D:1      | You pick up a book of Cantrips and begin reading...
   852 | D:1      | You add the spells Necrotise, Summon Small Mammal and
                  | Apportation to your library.
  1376 | D:2      | Found Riwot's Antique Weapon Emporium.
  1488 | D:2      | Reached skill level 5 in Stealth
  1572 | D:2      | Reached XP level 4. HP: 28/28 MP: 4/4
  1697 | D:2      | HP: 9/42 [adder (3)]
  1889 | D:2      | Reached skill level 6 in Stealth
  2375 | D:3      | Killed from afar by an orc priest

Vanquished Creatures
  3 adders (D:2)
  4 worms (D:2)
  A dart slug (D:1)
  5 bats
  7 endoplasms
  4 giant cockroaches
  5 goblins
  7 hobgoblins
  3 jackals (D:1)
  4 kobolds
  3 quokkas
  6 ball pythons
  4 frilled lizards
  9 rats
65 creatures vanquished.

Table legend:
 A = Non-vault XP
 B = Vault XP
 C = Vault XP percentage of total XP
 D = Non-vault monster count
 E = Vault monster count
 F = Vault count percentage of total count
                 A         B        C        D         E       F
            +---------+---------+-------+---------+---------+-------
      Total |     124 |      35 |  22.0 |      59 |       6 |   9.2
            +---------+---------+-------+---------+---------+-------
        D:1 |      54 |       0 |   0.0 |      31 |       0 |   0.0
        D:2 |      61 |      35 |  36.5 |      23 |       6 |  20.7
        D:3 |       9 |       0 |   0.0 |       5 |       0 |   0.0
            +---------+---------+-------+---------+---------+-------

Skill      XL: |  1  2  3  4 |
---------------+-------------+-----
Stealth        | 2 3 5 6 |  6.3
Fighting       | |  1.0
Dodging        | |  2.0
Unarmed Combat | |  3.0
Shapeshifting  | |  3.0

Action                     |  1- 3 |  4- 6 || total
---------------------------+-------+-------++-------
  Melee: Unarmed           |    81 |    49 ||   130
         Constrict         |    14 |    12 ||    26
         Tentacles         |    13 |     7 ||    20
         Punch             |       |     1 ||     1
    Use: Potion            |       |     4 ||     4
   Stab: Sleeping          |    21 |     4 ||    25
 Armour: Skin              |    17 |    27 ||    44
  Dodge: Dodged            |    34 |    36 ||    70

Illustrated notes

Table legend:
 A = Kills in this place as a percentage of kills in the entire game.
 B = Kills by you in this place as a percentage of kills by you in the entire game.
 C = Kills by friends in this place as a percentage of kills by friends in the entire game.
 D = Other kills in this place as a percentage of other kills in the entire game.
 E = Experience gained in this place as a percentage of experience gained in the entire game.
 F = Experience gained in this place divided by the number of levels of this place that you have seen.
                   A       B       C       D       E      F
               +-------+-------+-------+-------+-------+----------------------
         Total | 100.0 | 100.0 |   N/A |   N/A | 100.0 |  53.0
       Dungeon | 100.0 | 100.0 |   N/A |   N/A | 100.0 |  53.0
               +-------+-------+-------+-------+-------+----------------------

Table legend: (Time is in decaauts)
 A = Elapsed time spent in this place.
 B = Non-inter-level travel time spent in this place.
 C = Inter-level travel time spent in this place.
 D = Time resting spent in this place.
 E = Time spent auto-exploring this place.
 F = Levels seen in this place.
 G = Mean time per level.
                   A        B        C        D        E       F      G
               +--------+--------+--------+--------+--------+-----+--------+
         Total |   2367 |   2264 |    103 |     17 |   1819 |   3 |  789.0 |
       Dungeon |   2367 |   2264 |    103 |     17 |   1819 |   3 |  789.0 |
               +--------+--------+--------+--------+--------+-----+--------+

Top non-repeatable levels by time:
     D:2: 1174 daAuts
     D:1: 1068 daAuts
     D:3: 125 daAuts
